[Event "Titled Tuesday Blitz July 26 Late 2022"]
[White "Prydun, Andriy"]
[Black "Kilpatrick, Callum"]
[WhiteFideId "14145898"]
[BlackFideId "414425"]
[WhiteElo "2063"]
[BlackElo "2351"]
[Result "1-0"]
[Round "04"]
[TimeControl "180+1"]
[Date "2022.07.27"]
[WhiteClock "0:00:08"]
[BlackClock "0:00:00"]

1. e4 e5 2. Nf3 Nc6 3. Nc3 Nf6 4. d4 exd4 5. Nxd4 Bb4 6. Nxc6 bxc6 7. Bd3 d5 8. exd5 cxd5 9. O-O O-O 10. Bg5 c6 11. Qf3 h6 12. Bxf6 Qxf6 13. Qxf6 gxf6 14. Na4 Be6 15. c3 Bd6 16. b4 Kg7 17. a3 f5 18. Rfb1 Kf6 19. Ba6 Rg8 20. Nc5 Rg4 21. h3 Rg5 22. Ra2 Rag8 23. f3 f4 24. Nxe6 fxe6 25. Rd2 e5 26. Re1 Bc7 27. Bb7 Bb6+ 28. Kf1 Be3 29. Rc2 e4 30. fxe4 dxe4 31. Bxc6 Ke5 32. Rd1 f3 33. Rd5+ Kf4 34. Rxg5 Rxg5 35. c4 Bd4 36. c5 Ke3 37. Bb7 Rf5 38. c6 Kd3 39. Ra2 f2 40. c7 Rf8 41. c8=Q Rxc8 42. Bxc8 e3 43. Bf5+ Kc3 44. Re2 Kb3 45. g4 Kxa3 46. h4 Kxb4 47. g5 hxg5 48. hxg5 a5 49. g6 a4 50. Be6 Kc3 51. Ra2 Kd3 52. Bg4 Bc3 53. Rxa4 Kd2 54. Be2 Kc1 55. Rg4 1-0


[Site "https://www.chess.com"]

[Event "Titled Tuesday Blitz July 26 Late 2022"]
[White "Rama, Tejas"]
[Black "Garcia-Castany Musellas, Gal.la"]
[WhiteFideId "30907381"]
[BlackFideId "2241803"]
[WhiteElo "1430"]
[BlackElo "2173"]
[Result "0-1"]
[Round "04"]
[TimeControl "180+1"]
[Date "2022.07.27"]
[WhiteClock "0:00:12"]
[BlackClock "0:00:14"]

1. d4 d5 2. c4 e6 3. Nf3 Nf6 4. Nc3 c5 5. cxd5 exd5 6. Bg5 Be6 7. e3 Nc6 8. Bb5 Be7 9. dxc5 Bxc5 10. Qa4 Rc8 11. O-O O-O 12. Rac1 h6 13. Bh4 Be7 14. Rfd1 a6 15. Bxc6 bxc6 16. Qxa6 Bg4 17. Qe2 Qa5 18. h3 Bf5 19. Nd4 Bd7 20. e4 c5 21. Nb3 Qa8 22. e5 Rfe8 23. exf6 Bxf6 24. Qh5 Re5 25. Qf3 Bxh4 26. Rxd5 Bc6 27. Rcd1 Bxd5 28. Rxd5 Rxd5 29. Nxd5 Rd8 30. Nc3 Qxf3 31. gxf3 c4 32. Na5 Bf6 33. Nxc4 Bxc3 34. bxc3 Rc8 35. Ne3 Rxc3 36. Kf1 Ra3 37. Kg2 Rxa2 38. Kg3 Ra4 39. h4 g6 40. Ng4 h5 41. Nf6+ Kg7 42. Ne4 Kf8 43. Kf4 Ke7 44. Ke5 Ra5+ 45. Kf4 Rf5+ 46. Ke3 Ra5 47. Kf4 f6 48. Ke3 g5 49. hxg5 fxg5 50. Ng3 h4 51. Ne4 Kf7 52. f4 g4 53. Ng5+ Rxg5 54. fxg5 h3 55. Kf4 h2 56. Kxg4 h1=Q 57. f4 Qg2+ 58. Kf5 Qh3+ 59. Ke5 Qe6+ 60. Kd4 Qf5 61. Ke3 Kg6 62. Kf3 Kh5 63. Kg3 Qg4+ 64. Kf2 Qxf4+ 65. Ke2 Kxg5 66. Kd3 Kf5 67. Kc3 Qe4 68. Kd2 Qf3 69. Kc2 Qe3 70. Kb2 Qd3 71. Kc1 Qe2 72. Kb1 Ke4 73. Ka1 Kd4 74. Kb1 Kc3 75. Kc1 Qc2# 0-1


[Site "https://www.chess.com"]

[Event "Titled Tuesday Blitz July 26 Late 2022"]
[White "Rastbod, Ali"]
[Black "Danielyan, Vahe"]
[WhiteFideId "12567477"]
[BlackFideId "13304828"]
[WhiteElo "2135"]
[BlackElo "2419"]
[Result "1/2-1/2"]
[Round "04"]
[TimeControl "180+1"]
[Date "2022.07.27"]
[WhiteClock "0:00:06"]
[BlackClock "0:00:07"]

1. d4 g6 2. e4 Bg7 3. Nf3 a6 4. a4 d6 5. Nc3 Nf6 6. Be2 O-O 7. O-O Nc6 8. d5 Nb4 9. a5 c5 10. Nd2 e6 11. Nc4 exd5 12. exd5 Bf5 13. Ne3 Qd7 14. Bf3 Rfe8 15. Re1 Rxe3 16. Bxe3 Nxc2 17. Bf4 Nxe1 18. Qxe1 Re8 19. Qd2 Bg4 20. Qd3 Nh5 21. Bxg4 Qxg4 22. Bxd6 Be5 23. Bxe5 Rxe5 24. f3 Qg5 25. Ne4 Rxd5 26. Qc3 Qe5 27. Qxe5 Rxe5 28. Rc1 Nf4 29. Rxc5 Re7 30. g4 Kg7 31. h4 Ne2+ 32. Kf2 Nf4 33. Rc8 Nd3+ 34. Kg3 f5 35. gxf5 gxf5 36. Nd6 Kf6 37. Rf8+ Ke6 38. Nxf5 Rc7 39. Nd4+ Kd5 40. Rd8+ Ke5 41. Nc6+ bxc6 42. Rxd3 c5 43. Rc3 Kd4 44. Rc2 c4 45. Kf2 Rc5 46. Rd2+ Ke5 47. Ke3 Rxa5 48. Rd7 Rb5 49. Re7+ Kd5 50. Rxh7 Rb3+ 51. Kd2 Rxb2+ 52. Kc1 Rf2 53. Ra7 Ra2 54. h5 Kd4 55. h6 Kd3 56. Kb1 Ra5 57. h7 Rb5+ 58. Kc1 Rh5 59. Rxa6 Rh1+ 60. Kb2 c3+ 61. Ka2 Rxh7 62. Ka3 Kc2 63. Rc6 Ra7+ 64. Kb4 Rb7+ 65. Kc4 Kb2 66. Kd3 Rd7+ 67. Ke4 c2 68. f4 Rb7 69. f5 Rb4+ 70. Ke5 Rb5+ 71. Ke6 Rb3 72. Rxc2+ Kxc2 73. f6 Kd3 74. f7 Rb8 75. Ke7 Ke4 76. f8=Q Rxf8 77. Kxf8 1/2-1/2


[Site "https://www.chess.com"]

[Event "Titled Tuesday Blitz July 26 Late 2022"]
[White "Riehle, Marco"]
[Black "Naroditsky, Daniel"]
[WhiteFideId "12904392"]
[BlackFideId "2026961"]
[WhiteElo "2462"]
[BlackElo "2608"]
[Result "1-0"]
[Round "04"]
[TimeControl "180+1"]
[Date "2022.07.26"]
[WhiteClock "0:00:46"]
[BlackClock "0:00:23"]

1. e4 g6 2. d4 Bg7 3. c4 d6 4. Nc3 Nf6 5. f3 O-O 6. Be3 e5 7. d5 c6 8. Qd2 cxd5 9. cxd5 a6 10. O-O-O Nbd7 11. Kb1 b5 12. g4 h5 13. Bg5 Qa5 14. h4 Bb7 15. Bd3 Rac8 16. Rc1 Rc7 17. Nge2 Rfc8 18. Ng3 hxg4 19. h5 gxf3 20. a3 b4 21. Na2 Rxc1+ 22. Nxc1 Nxh5 23. Nxh5 gxh5 24. Bh6 Nf8 25. Rxh5 Ng6 26. Bxg7 Kxg7 27. Qh6+ Kg8 28. Qh7+ Kf8 29. Rf5 Qc7 30. Qxg6 Qxc1+ 31. Ka2 Bxd5+ 32. exd5 b3+ 33. Kxb3 Rb8+ 34. Ka4 Qd1+ 35. Ka5 Qd2+ 36. b4 Rb7 37. Qxd6+ Re7 38. Rxe5 1-0


[Site "https://www.chess.com"]

[Event "Titled Tuesday Blitz July 26 Late 2022"]
[White "Roman, Rodrigo"]
[Black "Arencibia Monduy, Antonio"]
[WhiteFideId "3701220"]
[BlackFideId "3507939"]
[WhiteElo "2001"]
[BlackElo "2523"]
[Result "0-1"]
[Round "04"]
[TimeControl "180+1"]
[Date "2022.07.27"]
[WhiteClock "0:00:01"]
[BlackClock "0:00:23"]

1. e4 e6 2. d4 d5 3. Nc3 Bb4 4. e5 c5 5. a3 Bxc3+ 6. bxc3 Ne7 7. Nf3 Nbc6 8. a4 Qa5 9. Bd2 Bd7 10. Bd3 c4 11. Be2 O-O 12. h4 f6 13. exf6 Rxf6 14. Rb1 Qc7 15. Bg5 Rf7 16. h5 h6 17. Bh4 Nf5 18. Qd2 e5 19. dxe5 Nxe5 20. Nxe5 Qxe5 21. Rxb7 Re8 22. f4 Qe4 23. Bf2 Rfe7 24. Rxd7 Rxd7 25. Kf1 Rb7 26. Rh3 Rb1+ 27. Be1 Ne3+ 28. Rxe3 Qxe3 29. Qxe3 Rxe3 30. Kf2 Rxe1 31. Kxe3 Ra1 32. Kd4 Rxa4 33. Bf3 Ra2 34. Bxd5+ Kf8 35. Be4 Ra4 36. Bd5 Ke7 37. Bxc4 Kd6 38. g4 a5 39. g5 Ra1 40. Be2 a4 41. c4 a3 42. c5+ Kc7 43. Kc3 a2 44. Bc4 Rf1 45. Bxa2 Rxf4 46. gxh6 gxh6 47. Bc4 Kc6 48. Bd3 Kxc5 49. Kd2 Kd4 50. c3+ Kc5 51. Ke3 Rg4 52. Bf5 Rg3+ 53. Kf4 Rg5 54. Bg6 Kc4 55. Kf3 Kxc3 56. Kf4 Kd4 57. Kf3 Ke5 58. Be8 Rg8 59. Bg6 Rf8+ 60. Kg4 Rf4+ 61. Kg3 Rb4 62. Kf3 Rf4+ 63. Kg3 Rf6 64. Kg4 Kd4 65. Bf5 Ke3 66. Bd7 Rf4+ 67. Kg3 Rd4 68. Be8 Rd1 69. Kg4 Rd5 70. Bf7 Rg5+ 71. Kh4 Kf4 72. Be8 Rg1 73. Bc6 Rc1 0-1


[Site "https://www.chess.com"]

[Event "Titled Tuesday Blitz July 26 Late 2022"]
[White "Romanchuk, Viktor"]
[Black "Paravyan, David"]
[WhiteFideId "14109271"]
[BlackFideId "4194985"]
[WhiteElo "2242"]
[BlackElo "2569"]
[Result "0-1"]
[Round "04"]
[TimeControl "180+1"]
[Date "2022.07.26"]
[WhiteClock "0:01:05"]
[BlackClock "0:02:05"]

1. d4 Nf6 2. c4 g6 3. Nf3 Bg7 4. g3 c6 5. Bg2 d5 6. b3 O-O 7. O-O Ne4 8. Bb2 a5 9. Nc3 Nxc3 10. Bxc3 Nd7 11. Rc1 Nb6 12. Bb2 a4 13. Ne5 Be6 14. Qd3 axb3 15. axb3 Bxe5 16. dxe5 dxc4 17. bxc4 Qxd3 18. exd3 Rfd8 19. Rfd1 Ra2 20. Bc3 Na4 21. Bb4 c5 22. Be1 Nb2 23. Rd2 Nxd3 24. Rcd1 Rxd2 25. Rxd2 Bxc4 0-1


[Site "https://www.chess.com"]

[Event "Titled Tuesday Blitz July 26 Late 2022"]
[White "Sarana, Alexey"]
[Black "Rustemov, Alexander"]
[WhiteFideId "24133795"]
[BlackFideId "4119002"]
[WhiteElo "2666"]
[BlackElo "2806"]
[Result "1-0"]
[Round "04"]
[TimeControl "180+1"]
[Date "2022.07.26"]
[WhiteClock "0:00:23"]
[BlackClock "0:00:02"]

1. c4 e6 2. Nc3 d5 3. d4 Be7 4. Nf3 Nf6 5. Bf4 O-O 6. a3 Nbd7 7. Nb5 Ne8 8. e3 a6 9. Nc3 dxc4 10. Bxc4 b5 11. Be2 Bb7 12. b4 a5 13. Rb1 Nef6 14. Bxb5 axb4 15. axb4 Nb6 16. Be5 Nfd5 17. Ne2 Bxb4+ 18. Kf1 c5 19. h4 Ba6 20. Bxa6 Rxa6 21. dxc5 Bxc5 22. Rh3 f6 23. Bd4 Bd6 24. e4 Nf4 25. Qb3 Qe7 26. Nxf4 Bxf4 27. Qb5 Rfa8 28. Bxb6 Ra2 29. Ne1 Qd6 30. Rd3 1-0


[Site "https://www.chess.com"]

[Event "Titled Tuesday Blitz July 26 Late 2022"]
[White "Schwabeneder, Florian"]
[Black "Salem, A.R. Saleh"]
[WhiteFideId "1626191"]
[BlackFideId "9301348"]
[WhiteElo "2275"]
[BlackElo "2679"]
[Result "1-0"]
[Round "04"]
[TimeControl "180+1"]
[Date "2022.07.26"]
[WhiteClock "0:00:07"]
[BlackClock "0:00:11"]

1. e4 c6 2. d4 d5 3. exd5 cxd5 4. Bd3 Nc6 5. c3 Nf6 6. Bf4 e6 7. Nf3 Bd6 8. Bxd6 Qxd6 9. O-O O-O 10. Re1 Ne7 11. Nbd2 Bd7 12. Ne5 Rfc8 13. Re3 Be8 14. Rh3 Ng6 15. Bxg6 hxg6 16. Qf3 Nd7 17. Qf4 Qe7 18. Re1 g5 19. Qe3 Nf8 20. f4 f6 21. Nd3 g4 22. Rg3 Bg6 23. Rxg4 Bf5 24. Rg3 Kf7 25. Nf3 Ng6 26. Nf2 Qd6 27. Rxg6 Bxg6 28. g4 Re8 29. h4 Bh7 30. h5 Kg8 31. Kg2 b5 32. a3 a5 33. g5 fxg5 34. fxg5 Bf5 35. Ne5 b4 36. axb4 axb4 37. Rh1 bxc3 38. bxc3 Ra2 39. h6 Be4+ 40. Qxe4 dxe4 41. h7+ Kf8 42. h8=Q+ Ke7 43. Qxg7+ Kd8 44. Nf7+ 1-0


[Site "https://www.chess.com"]

[Event "Titled Tuesday Blitz July 26 Late 2022"]
[White "Shohat, Yotam"]
[Black "Zhigalko, Sergei"]
[WhiteFideId "2813955"]
[BlackFideId "13502956"]
[WhiteElo "2119"]
[BlackElo "2662"]
[Result "0-1"]
[Round "04"]
[TimeControl "180+1"]
[Date "2022.07.26"]
[WhiteClock "0:00:09"]
[BlackClock "0:00:25"]

1. c4 e5 2. Nc3 Nf6 3. Nf3 Nc6 4. g3 Bb4 5. Bg2 O-O 6. O-O d6 7. d3 h6 8. Bd2 a5 9. a3 Bc5 10. Na4 Bg4 11. Nxc5 dxc5 12. h3 Be6 13. Qa4 Qd6 14. Qb5 b6 15. Bc3 a4 16. Ng5 Bd7 17. b4 hxg5 18. bxc5 bxc5 19. f4 gxf4 20. gxf4 exf4 21. Qb2 Rab8 22. Qd2 Nh5 23. Bd5 Bxh3 24. Be4 Bxf1 25. Rxf1 Nd4 26. Rf2 Rfe8 27. Rh2 Re5 28. Qe1 Rg5+ 29. Kf2 f3 30. e3 Qxh2+ 0-1


[Site "https://www.chess.com"]

[Event "Titled Tuesday Blitz July 26 Late 2022"]
[White "Sjugirov, Sanan"]
[Black "Peng, David Yu"]
[WhiteFideId "4189302"]
[BlackFideId "2605376"]
[WhiteElo "2609"]
[BlackElo "2166"]
[Result "1-0"]
[Round "04"]
[TimeControl "180+1"]
[Date "2022.07.26"]
[WhiteClock "0:02:16"]
[BlackClock "0:00:18"]

1. d4 Nf6 2. Nf3 d5 3. Bf4 g6 4. e3 Bg7 5. Nbd2 c5 6. c3 Qb6 7. Qb3 c4 8. Qa3 Nc6 9. b3 cxb3 10. axb3 O-O 11. Be2 Bg4 12. h3 Bxf3 13. Bxf3 e6 14. O-O Rfe8 15. b4 e5 16. Bg5 e4 17. Be2 h6 18. Bxf6 Bxf6 19. Nb3 Be7 20. Qa2 Rad8 21. Nc5 a6 22. Rfb1 Bxc5 23. bxc5 Qc7 24. c4 Ne7 25. Rb6 dxc4 26. Bxc4 Rf8 27. Rab1 Rb8 28. Qb3 Kg7 29. Rxb7 Rxb7 30. Qxb7 Qxb7 31. Rxb7 Nf5 32. Bxa6 1-0


[Site "https://www.chess.com"]

[Event "Titled Tuesday Blitz July 26 Late 2022"]
[White "Stalri"]
[Black "Manelyuk, Daniil"]
[BlackFideId "44173920"]
[WhiteElo "2301"]
[BlackElo "2209"]
[Result "1-0"]
[Round "04"]
[TimeControl "180+1"]
[Date "2022.07.27"]
[WhiteClock "0:00:05"]
[BlackClock "0:00:02"]

1. d4 Nf6 2. c4 c5 3. d5 b5 4. cxb5 a6 5. bxa6 g6 6. Nc3 Bg7 7. e4 O-O 8. Nf3 d6 9. Qc2 Qa5 10. Bg5 Bxa6 11. Bxa6 Qxa6 12. Qe2 Nbd7 13. Qxa6 Rxa6 14. a4 Rb8 15. Ra2 h6 16. Bf4 Rb4 17. Nd2 Nb6 18. g3 Nh5 19. Be3 Nc4 20. Nxc4 Rxc4 21. f3 Bxc3+ 22. bxc3 Rcxa4 23. Rxa4 Rxa4 24. Ke2 Kg7 25. Rb1 Ra2+ 26. Bd2 f5 27. Rb7 Kf7 28. Kd3 Nf6 29. Bxh6 Rxh2 30. Bg5 fxe4+ 31. fxe4 Rg2 32. Bf4 Ne8 33. Kc4 Kf6 34. Rb8 Nc7 35. Rc8 g5 36. Bc1 Na6 37. Rf8+ Kg7 38. Ra8 Ra2 39. Bxg5 Kf7 40. Ra7 Ra4+ 41. Kb5 Rxe4 42. Kxa6 Re5 43. Bh4 Rxd5 44. Rxe7+ Kg6 45. Kb5 Rd3 46. Kc4 Rf3 47. Re6+ Kh5 48. Rxd6 1-0


[Site "https://www.chess.com"]

[Event "Titled Tuesday Blitz July 26 Late 2022"]
[White "Steinberg, Nitzan"]
[Black "Lashkin, Jegor"]
[WhiteFideId "2801795"]
[BlackFideId "13907808"]
[WhiteElo "2471"]
[BlackElo "2368"]
[Result "1-0"]
[Round "04"]
[TimeControl "180+1"]
[Date "2022.07.26"]
[WhiteClock "0:01:45"]
[BlackClock "0:01:22"]

1. e4 c5 2. Nf3 d6 3. d4 cxd4 4. Nxd4 Nf6 5. Nc3 a6 6. h4 e5 7. Nf5 d5 8. Qf3 d4 9. Nd5 Nxd5 10. exd5 g6 11. Nh6 f5 12. h5 e4 13. Qg3 Bd6 14. Bf4 Bxf4 15. Qxf4 Qxd5 16. Qc7 Bd7 17. Bc4 1-0


[Site "https://www.chess.com"]

[Event "Titled Tuesday Blitz July 26 Late 2022"]
[White "Taboas Rodriguez, Daniel"]
[Black "Hafiz, Arif Abdul"]
[WhiteFideId "2208466"]
[BlackFideId "7104227"]
[WhiteElo "2429"]
[BlackElo "2198"]
[Result "0-1"]
[Round "04"]
[TimeControl "180+1"]
[Date "2022.07.26"]
[WhiteClock "0:00:20"]
[BlackClock "0:01:00"]

1. d4 Nc6 2. Nf3 d5 3. Nc3 Bf5 4. Bf4 e6 5. e3 Bd6 6. Bb5 Ne7 7. O-O O-O 8. Bg3 a6 9. Bd3 Bxd3 10. Qxd3 Nb4 11. Qd2 c5 12. dxc5 Bxc5 13. a3 Nbc6 14. e4 d4 15. Ne2 Ng6 16. Rfd1 e5 17. c3 dxc3 18. Qxc3 Qe7 19. Rd5 Bd6 20. Rad1 Rad8 21. h3 h6 22. R1d3 Kh7 23. Qd2 Bc7 24. Rd7 Rxd7 25. Rxd7 Rd8 26. Rxe7 Rxd2 27. Rxc7 Rxe2 28. Rxb7 f6 29. Rb6 Na5 30. b4 Nc4 31. Rxa6 Rxe4 32. b5 Re2 33. a4 Rb2 34. Rc6 Rb4 35. Ra6 Ne7 36. Nh4 Rb1+ 37. Kh2 Nd2 38. Bxe5 Nf1+ 39. Kg1 fxe5 40. g4 Nd5 41. Kg2 Nf4+ 42. Kf3 Re1 43. Nf5 Nd2+ 44. Kg3 Rg1+ 45. Kh4 g5# 0-1


[Site "https://www.chess.com"]

[Event "Titled Tuesday Blitz July 26 Late 2022"]
[White "Tanenbaum, Zachary"]
[Black "Jacobson, Brandon"]
[WhiteFideId "2060850"]
[BlackFideId "30901561"]
[WhiteElo "2175"]
[BlackElo "2362"]
[Result "0-1"]
[Round "04"]
[TimeControl "180+1"]
[Date "2022.07.26"]
[WhiteClock "0:00:04"]
[BlackClock "0:00:05"]

1. e4 c5 2. Nf3 d6 3. d4 cxd4 4. Nxd4 Nf6 5. Nc3 Nc6 6. Bg5 e6 7. Bb5 Bd7 8. Qd3 h6 9. Bh4 g5 10. Bxc6 bxc6 11. Bg3 Nh5 12. O-O-O Nxg3 13. hxg3 Bg7 14. f4 O-O 15. f5 Qf6 16. Rhf1 Qe5 17. Nf3 Qxg3 18. Qxd6 Qxd6 19. Rxd6 Bc8 20. Rxc6 exf5 21. exf5 Bb7 22. Rc7 Rab8 23. Rd1 g4 24. Nh4 Bf6 25. g3 Be5 26. Rc4 h5 27. f6 Bxf6 28. Nf5 Rbd8 29. Nd6 Bf3 30. Rd3 Bg5+ 31. Kb1 f5 32. a3 Rf6 33. Ncb5 a6 34. Rc8 Rxc8 35. Nxc8 axb5 36. Rd8+ Kg7 37. Rd7+ Rf7 38. Rd6 Rc7 39. Nb6 Be4 40. Ka2 Rxc2 41. Rd7+ Kf6 42. Kb3 Rd2 43. Rc7 h4 44. Nd7+ Rxd7 45. gxh4 Rxc7 46. hxg5+ Kxg5 0-1


[Site "https://www.chess.com"]

[Event "Titled Tuesday Blitz July 26 Late 2022"]
[White "Tinmaz, Kerem"]
[Black "Vidonyak, Roman"]
[WhiteFideId "44559151"]
[BlackFideId "14100622"]
[WhiteElo "1443"]
[BlackElo "2359"]
[Result "1-0"]
[Round "04"]
[TimeControl "180+1"]
[Date "2022.07.27"]
[WhiteClock "0:00:06"]
[BlackClock "0:00:17"]

1. e4 c5 2. Nc3 d6 3. d4 cxd4 4. Qxd4 Nc6 5. Qd2 g6 6. b3 Bh6 7. f4 Nf6 8. Bb2 O-O 9. O-O-O e5 10. g3 Nd4 11. Nge2 Bg4 12. Nxd4 exd4 13. Qxd4 Bxd1 14. Kxd1 Bg7 15. Bc4 Re8 16. Re1 Nxe4 17. Bxf7+ Kh8 18. Nxe4 Bxd4 19. Bxd4+ Re5 20. Kc1 Qa5 21. Rd1 Qa3+ 22. Kb1 Kg7 23. Nxd6 Qxd6 24. Bxe5+ Qxe5 25. fxe5 Kxf7 26. Rd7+ Ke6 27. Rxb7 h6 28. Rg7 Kxe5 29. Rxg6 Rh8 30. h4 Ke4 31. g4 Kf4 32. g5 hxg5 33. hxg5 Ke3 34. Kb2 Kf4 35. Rg7 Kf5 36. Rxa7 Kxg5 37. a4 Kf5 38. a5 Ke5 39. b4 Kd5 40. Kb3 Rh3+ 41. Ka4 Kc6 42. c4 Rh1 43. b5+ Kc5 44. Rc7+ Kd6 45. Rc6+ Kd7 46. Rg6 Ra1+ 47. Kb4 Kc7 48. a6 Rb1+ 49. Kc5 Rf1 50. Rg7+ Kc8 51. a7 Rf5+ 52. Kb6 Rf6+ 53. Ka5 1-0


[Site "https://www.chess.com"]

[Event "Titled Tuesday Blitz July 26 Late 2022"]
[White "Vivekananthan, Anish"]
[Black "Grigorov, Grigor"]
[WhiteFideId "2090775"]
[BlackFideId "2907313"]
[WhiteElo "2782"]
[BlackElo "2510"]
[Result "0-1"]
[Round "04"]
[TimeControl "180+1"]
[Date "2022.07.26"]
[WhiteClock "0:02:15"]
[BlackClock "0:02:35"]

1. d4 Nf6 2. Nf3 e6 3. c4 b6 4. g3 Bb7 5. Bg2 Be7 6. O-O O-O 7. Nc3 Ne4 8. Bd2 Bf6 9. Qc2 Nxd2 10. Qxd2 d6 11. Rac1 Nd7 12. Rfd1 Qe7 13. d5 Bxc3 14. Rxc3 e5 15. Ne1 a5 16. b3 Nc5 17. a3 a4 18. b4 Nb3 19. Nd3 Nxd2 0-1


[Site "https://www.chess.com"]

[Event "Titled Tuesday Blitz July 26 Late 2022"]
[White "Ward, Ieuan C"]
[Black "Przybylski, Wojciech"]
[WhiteFideId "406627"]
[BlackFideId "1117599"]
[WhiteElo "2265"]
[BlackElo "2133"]
[Result "0-1"]
[Round "04"]
[TimeControl "180+1"]
[Date "2022.07.27"]
[WhiteClock "0:00:05"]
[BlackClock "0:00:03"]

1. d4 d5 2. c4 dxc4 3. Nc3 Nf6 4. e4 a6 5. Bxc4 b5 6. e5 bxc4 7. exf6 exf6 8. Qa4+ Qd7 9. Qxc4 Bb7 10. f3 Qe6+ 11. Qxe6+ fxe6 12. Nge2 Bd6 13. Ne4 Nd7 14. Nxd6+ cxd6 15. Bf4 Ke7 16. O-O Rhc8 17. Rac1 Nb6 18. Nc3 g5 19. Bg3 f5 20. Rfe1 Kd7 21. h4 h6 22. Bf2 Nd5 23. Nxd5 Bxd5 24. a3 f4 25. Kh2 Rg8 26. Rc3 Rac8 27. Rec1 Rxc3 28. Rxc3 g4 29. fxg4 Rxg4 30. g3 e5 31. dxe5 dxe5 32. b4 h5 33. Kh3 Rg8 34. gxf4 exf4 35. a4 f3 36. Bg3 Rf8 37. Rc2 Bb3 38. Rd2+ Kc8 39. a5 Ba4 40. Rf2 Bc6 41. Bd6 Rg8 42. Bc5 Bd7+ 43. Kh2 Bc6 44. Kh3 Rg4 45. Rf1 Rc4 46. Rf2 Rc1 47. Kg3 Rg1+ 48. Kf4 Rg4+ 49. Ke5 Rxh4 50. Kd6 Kb7 51. Ke7 Re4+ 52. Kd6 Rg4 53. Rh2 Rg6+ 54. Ke5 Rh6 55. Kf4 Rh7 56. Kg5 Kc7 57. Rxh5 Rg7+ 58. Kf4 Rf7+ 59. Ke3 f2 60. Bb6+ Kb7 0-1


[Site "https://www.chess.com"]

[Event "Titled Tuesday Blitz July 26 Late 2022"]
[White "Yoo, Christopher Woojin"]
[Black "Vasquez Schroeder, Rodrigo"]
[WhiteFideId "30909694"]
[BlackFideId "3400042"]
[WhiteElo "2105"]
[BlackElo "2567"]
[Result "0-1"]
[Round "04"]
[TimeControl "180+1"]
[Date "2022.07.26"]
[WhiteClock "0:00:02"]
[BlackClock "0:00:26"]

1. d4 d5 2. Nf3 Nf6 3. Bf4 c5 4. e3 Nc6 5. Nbd2 cxd4 6. exd4 Qb6 7. Nb3 Bf5 8. a4 a5 9. Bb5 e6 10. O-O Be7 11. Ne5 O-O 12. Bxc6 bxc6 13. g4 Bg6 14. g5 Nh5 15. Nd7 Qb7 16. Nxf8 Nxf4 17. Nxg6 fxg6 18. Qg4 Rf8 19. h4 Rf5 20. Kh1 h6 21. gxh6 Rh5 22. Qxf4 Rxh4+ 23. Qxh4 Bxh4 24. hxg7 Qf7 25. f3 Qf5 26. Rad1 Qxc2 27. Nd2 Bg5 28. f4 Bxf4 29. Nf3 Qf5 30. Rde1 Qh3+ 31. Kg1 g5 32. Re2 g4 33. Ne5 Be3+ 34. Rxe3 Qxe3+ 35. Kg2 Qxd4 36. Nf7 Kxg7 37. Nd8 Qxb2+ 38. Kg3 Qb8+ 0-1


[Site "https://www.chess.com"]

[Event "Titled Tuesday Blitz July 26 Late 2022"]
[White "Yuan, Qingyu"]
[Black "Lewtak, Damian"]
[WhiteFideId "8609772"]
[BlackFideId "1141724"]
[WhiteElo "2359"]
[BlackElo "2359"]
[Result "1-0"]
[Round "04"]
[TimeControl "180+1"]
[Date "2022.07.26"]
[WhiteClock "0:00:07"]
[BlackClock "0:00:08"]

1. e4 c6 2. Nf3 d5 3. Nc3 Bg4 4. h3 Bxf3 5. Qxf3 e6 6. Be2 Nd7 7. d4 Bb4 8. O-O Ngf6 9. e5 Ng8 10. Qg3 g6 11. Bg5 Be7 12. Be3 h5 13. Bd3 Nh6 14. Bxg6 Rg8 15. Bxh6 Rxg6 16. Qe3 c5 17. Bf4 cxd4 18. Qxd4 Bc5 19. Qd2 Qh4 20. Kh2 O-O-O 21. g3 Qe7 22. h4 Rdg8 23. Ne2 Rg4 24. Ng1 Nf8 25. Nf3 Ng6 26. Bg5 Qc7 27. Rae1 Re4 28. Bf6 Kb8 29. c3 Be7 30. Bxe7 Qxe7 31. Qd3 Nxh4 32. Rxe4 dxe4 33. Qxe4 Rg4 34. Qe2 Nf5 35. Rd1 h4 36. Nxh4 Qg5 37. Nxf5 Qxf5 38. Kg2 Rg8 39. Qe3 a6 40. Rd4 Qc2 41. Rd2 Qa4 42. b3 Qa3 43. c4 Qe7 44. Qd3 Rh8 45. Qd6+ Qxd6 46. Rxd6 Kc7 47. Rd4 Rh5 48. Rf4 Rh7 49. Rf6 Kd7 50. Kf3 Ke7 51. Rf4 Rh1 52. Re4 Rd1 53. Re2 Rd3+ 54. Ke4 Rd1 55. f4 Rg1 56. Kf3 Rf1+ 57. Kg4 Rg1 58. Rd2 Ke8 59. Rc2 Rg2 60. Rxg2 1-0


[Site "https://www.chess.com"]

[Event "Titled Tuesday Blitz July 26 Late 2022"]
[White "Aaron, Deepak"]
[Black "Holt, Conrad"]
[WhiteFideId "2009412"]
[BlackFideId "2034387"]
[WhiteElo "2644"]
[BlackElo "2586"]
[Result "0-1"]
[Round "05"]
[TimeControl "180+1"]
[Date "2022.07.26"]
[WhiteClock "0:00:03"]
[BlackClock "0:00:15"]

1. e4 e6 2. d4 d5 3. Nd2 c5 4. exd5 Qxd5 5. Ngf3 cxd4 6. Bc4 Qd7 7. Qe2 Nc6 8. O-O Nf6 9. Rd1 Bd6 10. Nb3 O-O 11. Nbxd4 Nxd4 12. Rxd4 Qc7 13. Bg5 Nh5 14. Rad1 Bc5 15. Rh4 g6 16. Rxh5 gxh5 17. Bf6 Be7 18. Be5 Qc5 19. Bd3 f6 20. Ng5 fxe5 21. Qxh5 Qxf2+ 22. Kh1 Rf7 23. Bxh7+ Kf8 24. Qh6+ Rg7 25. Bg6 Bxg5 26. Qxg5 Bd7 27. Qh6 Kg8 28. h4 Bc6 29. Qg5 Rf8 30. h5 Qf4 0-1


[Site "https://www.chess.com"]

[Event "Titled Tuesday Blitz July 26 Late 2022"]
[White "Andreikin, Dmitry"]
[Black "Steinberg, Nitzan"]
[WhiteFideId "4158814"]
[BlackFideId "2801795"]
[WhiteElo "2736"]
[BlackElo "2471"]
[Result "1-0"]
[Round "05"]
[TimeControl "180+1"]
[Date "2022.07.26"]
[WhiteClock "0:00:41"]
[BlackClock "0:00:04"]

1. d4 d5 2. c4 c6 3. Nf3 Nf6 4. Qc2 g6 5. cxd5 cxd5 6. Bf4 Nc6 7. Nc3 Bf5 8. Qb3 Na5 9. Qa4+ Bd7 10. Qd1 Rc8 11. e3 Bg7 12. Be2 O-O 13. Ne5 a6 14. O-O Nc6 15. Qb3 Na5 16. Qb4 Be6 17. Rac1 Ne8 18. Na4 f6 19. Nd3 Rc4 20. Qb6 Nd6 21. Bxd6 exd6 22. Nf4 Bf7 23. Bxc4 dxc4 24. d5 f5 25. Rc2 Be5 26. Rd1 Re8 27. h3 Kg7 28. Qxd8 Rxd8 29. Nb6 Kf6 30. Rb1 g5 31. Ne2 Be8 32. b4 cxb3 33. axb3 f4 34. b4 Bg6 35. Rcb2 Bxb1 36. Rxb1 fxe3 37. fxe3 Kf5 38. bxa5 Ke4 39. Nc4 Rc8 40. Nxe5 Kxe5 41. Rxb7 1-0


[Site "https://www.chess.com"]

[Event "Titled Tuesday Blitz July 26 Late 2022"]
[White "Ansh M Shah"]
[Black "Mortazavi, Ali"]
[WhiteFideId "25033379"]
[BlackFideId "401323"]
[WhiteElo "1819"]
[BlackElo "2339"]
[Result "1-0"]
[Round "05"]
[TimeControl "180+1"]
[Date "2022.07.27"]
[WhiteClock "0:00:13"]
[BlackClock "0:00:03"]

1. d4 Nf6 2. c4 g6 3. h4 Bg7 4. Nc3 h5 5. e4 d6 6. Nf3 Bg4 7. Be2 O-O 8. Bg5 Nc6 9. d5 Bxf3 10. gxf3 Nb8 11. Be3 c6 12. f4 cxd5 13. cxd5 Qa5 14. Qd2 Na6 15. e5 Nd7 16. e6 fxe6 17. dxe6 Ndc5 18. Rg1 Rf6 19. Bd4 Rxe6 20. O-O-O Nb3+ 21. axb3 Qa1+ 22. Nb1 Bxd4 23. Bc4 Rc8 24. Qxd4 Kh7 25. f5 Rf6 26. fxg6+ Kg7 27. Kd2 b5 28. Bxb5 Qa5+ 29. Nc3 Rc5 30. Bxa6 Qxa6 31. Kc2 Qb6 32. Rd2 Qb7 33. Rg3 Rf5 34. Re3 e5 35. Qd5 Rxf2 36. Qxb7+ Kh6 37. Rxf2 Rxf2+ 38. Re2 Rxe2+ 39. Nxe2 1-0


[Site "https://www.chess.com"]